 Dungeon Crawl Stone Soup version 0.20.1-1-g8b1a95d (webtiles) character file.

1522 homeworkjunkie the Cleaver (level 8, -2/71 HPs)
             Began as a Hill Orc Fighter on Dec 11, 2017.
             Slain by Duvessa
             ... wielding a +0 short sword
              (8 damage)
             ... on level 5 of the Dungeon.
             The game lasted 00:06:21 (4131 turns).

homeworkjunkie the Cleaver (Hill Orc Fighter)       Turns: 4131, Time: 00:06:22

Health: -2/71      AC: 17    Str: 20    XL:     8   Next: 84%
Magic:  9/9        EV:  6    Int:  8    God:
Gold:   186        SH: 10    Dex: 11    Spells: 7/7 levels left

rFire    . . .     SeeInvis .   a - +0 war axe
rCold    . . .     Gourm    .   c - +0 shield
rNeg     . . .     Faith    .   i - +1 chain mail
rPois    .         Spirit   .   (no helmet)
rElec    .         Reflect  .   (no cloak)
rCorr    .         Harm     .   n - +2 pair of gloves
MR       .....                  (no boots)
Stlth    ..........             (no amulet)
Regen    0.3/turn               m - +3 ring of protection
MPRegen  0.2/turn               (no ring)

@: no status effects
A: no striking features
a: no special abilities


You were on level 5 of the Dungeon.
You were not hungry.

You visited 1 branch of the dungeon, and saw 7 of its levels.
You also visited: Ossuary.

You collected 186 gold pieces.

Inventory:

Hand Weapons
 a - a +0 war axe (weapon)
Armour
 c - a +0 shield (worn)
 i - a +1 chain mail (worn)
 n - a +2 pair of gloves (worn)
Jewellery
 k - an uncursed amulet of magic regeneration {unknown}
 m - a +3 ring of protection (left hand)
 v - a cursed ring of loudness {unknown}
 w - the ring "Sitiun" {+Inv rF+++ MR+ Int-4 Stlth+, unknown}
   (You took it off a centaur on level 5 of the Dungeon)

   [ring of stealth]

   It affects your intelligence (-4).
   It renders you almost immune to fire.
   It affects your resistance to hostile enchantments.
   It lets you turn invisible.
   It makes you more stealthy.
Wands
 r - a wand of flame (0/48)
Scrolls
 d - a scroll of blinking
 h - a scroll of remove curse
 j - a scroll of identify
 l - 2 scrolls of recharging
 p - 4 scrolls of teleportation
Potions
 b - a potion of magic
 e - a potion of curing
 g - a potion of berserk rage
 o - 5 potions of flight {unknown}
 q - a potion of invisibility {unknown}
 s - a potion of mutation {unknown}
 t - a potion of lignification {unknown}
Comestibles
 f - a bread ration


   Skills:
 * Level 6.5 Fighting
 * Level 10.1 Axes
 * Level 4.9 Armour
 + Level 0.4 Dodging
 + Level 0.3 Stealth
 * Level 5.6 Shields
 * Level 2.4 Evocations


You had 7 spell levels left.
You didn't know any spells.

Dungeon Overview and Level Annotations

Branches:
Dungeon (7/15)
 Temple: D:4-7

Altars:
Elyvilon
Fedhas
Makhleb
Qazlal
Vehumet

Annotations:
D:5 Duvessa, Sigmund


Message History

You hit Duvessa.
Duvessa is heavily wounded.
Duvessa barely misses you.
Okay, then.
You feel better. Duvessa hits you but does no damage.
You block Duvessa's attack.
You hit Duvessa but do no damage.
Duvessa is heavily wounded.
Duvessa hits you with a short sword.
* * * LOW HITPOINT WARNING * * *
You hit Duvessa but do no damage.
Duvessa is heavily wounded.
Duvessa hits you with a short sword.
* * * LOW HITPOINT WARNING * * *
Duvessa hits you with a short sword.
* * * LOW HITPOINT WARNING * * *
You hit Duvessa.
Duvessa is heavily wounded.
Duvessa hits you but does no damage. Duvessa hits you with a short sword!
You die...

..#......#
.#........
#.........
#.........
#.........
#.........
#.........
#)@.......
#.....e†.......
...............
#..............
...##..........
.# ...........
#...
.##.........
#.. ##
#......... ..##


You could see Duvessa (berserk).

Vanquished Creatures
  A wraith (Ossuary)
  A water moccasin (D:6)
  An ice beast (D:6)
  A sky beast (D:5)
  A necrophage (D:5)
  2 ogres
  2 centaurs
  A bullfrog (D:6)
  A wyvern zombie (D:6)
  Dowan (D:5)
  4 wights (D:6)
  A howler monkey (D:3)
  A bullfrog skeleton (D:5)
  An iguana (D:6)
  Ijyb (D:5)
  Terence (D:2)
  2 worker ants
  A mummy (Ossuary)
  A worker ant zombie (D:6)
  2 adders (D:3)
  A shadow imp (D:7)
  3 worms
  A dart slug (D:2)
  2 leopard geckos (D:2)
  5 orcs (D:3)
  4 bats
  4 giant cockroaches
  8 goblins
  4 hobgoblins
  5 jackals
  3 quokkas
  4 ball pythons (D:1)
  9 frilled lizards
  6 gnoll skeletons (Ossuary)
  2 kobolds
  2 kobold skeletons (Ossuary)
  17 orc skeletons (Ossuary)
  7 rats
114 creatures vanquished.

Notes
Turn   | Place    | Note
-------+----------+-------------------------------------------
     0 | D:1      | homeworkjunkie the Hill Orc Fighter began the quest for the Orb.
     0 | D:1      | Reached XP level 1. HP: 19/19 MP: 1/1
    95 | D:2      | Reached XP level 2. HP: 27/27 MP: 2/2
   159 | D:3      | Found a stormy altar of Qazlal.
   195 | D:3      | Reached XP level 3. HP: 33/33 MP: 3/3
   324 | D:3      | Reached skill level 3 in Axes
   325 | D:3      | Found a blossoming altar of Fedhas.
   502 | D:3      | Reached XP level 4. HP: 35/41 MP: 4/4
   848 | D:3      | Found a faded altar of an unknown god.
   998 | D:2      | Found a radiant altar of Vehumet.
  1839 | D:1      | Reached skill level 5 in Fighting
  1925 | D:2      | Noticed Terence
  1933 | D:2      | Killed Terence
  1933 | D:2      | Reached skill level 4 in Axes
  1933 | D:2      | Reached XP level 5. HP: 48/48 MP: 5/5
  2260 | D:5      | Entered Level 5 of the Dungeon
  2283 | D:6      | Noticed an ice beast
  2298 | D:6      | Killed an ice beast
  2298 | D:6      | Reached skill level 5 in Axes
  2298 | D:6      | Reached XP level 6. HP: 18/56 MP: 6/6
  2445 | D:6      | Found a white marble altar of Elyvilon.
  2478 | D:6      | Reached skill level 6 in Axes
  2495 | D:6      | Reached XP level 7. HP: 31/61 MP: 7/7
  2509 | D:6      | Reached skill level 7 in Axes
  2653 | D:6      | Found a sand-covered staircase.
  2659 | Ossuary  | Entered an ossuary
  2659 | Ossuary  | Noticed a wraith
  2659 | Ossuary  | Noticed a wraith
  2659 | Ossuary  | Noticed a wraith
  3006 | Ossuary  | Noticed a wraith
  3057 | Ossuary  | Killed a wraith
  3057 | Ossuary  | Reached skill level 5 in Shields
  3340 | D:6      | Reached skill level 8 in Axes
  3351 | D:7      | Reached skill level 1 in Evocations
  3351 | D:7      | Reached XP level 8. HP: 48/70 MP: 8/8
  3608 | D:6      | Found a burning altar of Makhleb.
  3677 | D:5      | Reached skill level 9 in Axes
  3679 | D:5      | Got a shimmering bronze ring
  3688 | D:5      | Noticed Sigmund
  4091 | D:5      | Noticed Ijyb
  4096 | D:5      | Noticed Duvessa
  4100 | D:5      | Noticed Dowan
  4102 | D:5      | Killed Ijyb
  4115 | D:5      | Killed Dowan
  4116 | D:5      | Reached skill level 10 in Axes
  4131 | D:5      | Slain by Duvessa

Skill      XL: |  1  2  3  4  5  6  7  8 |
---------------+-------------------------+-----
Fighting       | 4 5 6 |  6.5
Axes           | 3 4 5 6 8 10 | 10.1
Shields        | 4 5 |  5.6
Armour         | 4 |  4.9
Evocations     | 1 2 |  2.4
Dodging        | |  0.4
Stealth        | |  0.3

Action                   |  1- 3 |  4- 6 |  7- 9 || total
-------------------------+-------+-------+-------++-------
Melee: War axe           |    74 |   147 |   155 ||   376
Evoke: Wand              |       |     4 |     2 ||     6
  Use: Potion            |     2 |     4 |     4 ||    10
       Scroll            |     2 |     7 |     2 ||    11
  Eat: Royal jelly       |     1 |       |       ||     1
       Meat ration       |       |     1 |       ||     1
       Bread ration      |       |       |     1 ||     1
Armor: Scale mail        |    20 |       |       ||    20
       Chain mail        |    29 |    92 |    80 ||   201
       Skin              |       |       |    33 ||    33
Dodge: Dodged            |    13 |    23 |    34 ||    70
Block: Shield            |    32 |    67 |    93 ||   192
